 Dungeon Crawl Stone Soup version 0.31.0-4-g52a2dc7128 (console) character file.

Game seed: 14102152957938202616

189 AlterAsc the Sneak (level 5, 0/26 HPs)
             Began as a Spriggan Warper on Jan 21, 2024.
             Slain by an orc
             ... wielding a +0 flail
              (3 damage)
             ... on level 3 of the Dungeon.
             The game lasted 00:10:47 (2808 turns).

AlterAsc the Sneak (Spriggan Warper)                Turns: 2808, Time: 00:10:48

Health: 0/26       AC:  9    Str:  7    XL:     5   Next: 40%
Magic:  10/10      EV: 18    Int: 14    God:
Gold:   127        SH:  0    Dex: 17    Spells: 7/9 levels left

rFire   . . .        s - +1 short sword (protect)
rCold   . . .        (no shield)
rNeg    . . .        b - +0 robe
rPois   .            (helmet restricted)
rElec   .            (no cloak)
rCorr   .            (gloves unavailable)
SInv    +            (boots unavailable)
Will    .....        (no amulet)
Stlth   ++++         (no ring)
HPRegen 0.24/turn    (no ring)
MPRegen 0.12/turn

%: no passive effects
@: under a protective aura, very quick
A: very small, no large weapons, unfitting armour, see invisible, speed 3
a: no special abilities


You were on level 3 of the Dungeon.
You visited 1 branch of the dungeon, and saw 4 of its levels.

You collected 127 gold pieces.

Inventory:

Hand Weapons
 a - a +0 short sword
 s - a +1 short sword of protection (weapon)
Missiles
 d - 2 darts of dispersal (quivered)
 i - a throwing net
Armour
 b - a +0 robe (worn)
Jewellery
 r - a ring of magical power
Scrolls
 c - a scroll of blinking
 f - 5 scrolls of identify {unknown}
 h - a scroll of vulnerability {unknown}
 j - a scroll of amnesia {unknown}
 m - 2 scrolls of revelation {unknown}
 n - a scroll of silence {unknown}
 o - a scroll of immolation {unknown}
 p - a scroll of fog {unknown}
Potions
 e - a potion of cancellation {unknown}
 g - a potion of enlightenment {unknown}
 k - a potion of curing {unknown}
 l - a potion of attraction {unknown}
 q - a potion of ambrosia {unknown}


   Skills:
 - Level 1.7 Fighting
 - Level 3.0 Short Blades
 - Level 1.0 Throwing
 - Level 3.7 Dodging
 * Level 7.3 Stealth
 - Level 2.6 Spellcasting
 - Level 4.4 Translocations


You had 7 spell levels left.
You knew the following spells:

 Your Spells              Type           Power      Damage    Failure   Level
a - Blink                 Tloc           28%        N/A       5%          2

Your spell library contained the following spells:

 Spells                   Type           Power      Damage    Failure   Level
 Lesser Beckoning         Tloc           28%        N/A       5%          2
 Teleport Other           Tloc           14%        N/A       11%         3
 Volatile Blastmotes      Fire/Tloc      16%        2d11      26%         3
 Manifold Assault         Tloc           14%        N/A       36%         4
 Passage of Golubria      Tloc           14%        N/A       36%         4
 Dazzling Flash           Conj/Hex       2%         N/A       54%         3
 Vhi's Electric Charge    Tloc/Air       16%        N/A       65%         4
 Silence                  Hex/Air        0%         N/A       99%         5
 Starburst                Conj/Fire      0%         6d3       100%        6
 Lehudib's Crystal Spear  Conj/Erth      0%         10d2      100%        8
 Maxwell's Capacitive Co  Air            0%         ∞         100%        8


Dungeon Overview and Level Annotations

Branches:
Dungeon (4/15)
 Temple: D:4-7

Altars:

Annotations:
D:2 1 exclusion, Sigmund


Innate Abilities, Weirdness & Mutations

You are very small and have problems with some larger weapons.
You are too small for most types of armour.
You have supernaturally acute eyesight. (SInv)
You cover ground extremely quickly. (Speed+++)


Message History

The orc wizard casts a spell at you. The magic dart hits you!
You hit the orc wizard.
The orc wizard is moderately wounded.
The orc completely misses you. The orc misses you.
You hit the orc wizard but do no damage.
The orc wizard is moderately wounded.
The orc wizard hits you but does no damage.
The orc hits you with a +0 flail. The orc hits you with a +0 dagger.
You closely miss the orc wizard.
The orc wizard is moderately wounded.
The orc wizard hits you but does no damage.
The orc completely misses you. The orc closely misses you.
You barely miss the orc wizard.
The orc wizard is moderately wounded.
The orc wizard completely misses you. The orc completely misses you.
The orc hits you but does no damage.
You hit the orc wizard but do no damage.
The orc wizard is moderately wounded.
The orc wizard points at you and mumbles some strange words.
The magic dart hits you.
* * * LOW HITPOINT WARNING * * *
The orc barely misses you.
You hit the orc wizard.
The orc wizard is heavily wounded.
The orc barely misses you.
The orc wizard gestures at you while chanting.
You easily resist.
You hit the orc wizard.
The orc wizard is severely wounded.
The orc misses you. The orc hits you with a +0 dagger.
* * * LOW HITPOINT WARNING * * *
The orc wizard hits you but does no damage.
You closely miss the orc wizard.
The orc wizard is severely wounded.
The orc misses you. The orc barely misses you.
The orc wizard hits you but does no damage.
You hit the orc wizard but do no damage.
The orc wizard is severely wounded.
The orc hits you with a +0 flail.
You die...

####..## ##......# #...#
##...<...## #...#
#..<......# #.#.#
#.........#
##.#.#####.........#
###..#...............#
##...##...#........<..#
.....................##
..###....###..........###
.#..[.##...#.............
.o.#############@o....###
.### #oo....# .#
#.8l.....# ####
...?......## .)..#
...........## #####
#.#.#.8#..... #
############


You could see an orc wizard (invisible), 2 orcs and a frilled lizard.

Vanquished Creatures
  A bombardier beetle (D:3)
  An orc wizard (D:3)
  6 adders
  A dart slug (D:1)
  A ribbon worm (D:2)
  6 orcs (D:3)
  5 endoplasms
  6 giant cockroaches
  9 hobgoblins
  3 jackals (D:1)
  3 quokkas
  4 ball pythons
  4 bats
  3 frilled lizards
  6 goblins
  2 kobolds
  5 rats
66 creatures vanquished.

Notes
Turn   | Place    | Note
-------+----------+-------------------------------------------
     0 | D:1      | AlterAsc the Spriggan Warper began the quest for the Orb.
     0 | D:1      | Reached XP level 1. HP: 10/10 MP: 5/5
   102 | D:1      | Reached skill level 1 in Stealth
   209 | D:1      | Reached XP level 2. HP: 11/15 MP: 6/6
   415 | D:1      | Reached skill level 2 in Stealth
   544 | D:1      | Learned a level 2 spell: Blink
   632 | D:1      | Reached XP level 3. HP: 18/18 MP: 8/8
   945 | D:2      | Found a faded altar of an unknown god.
  1050 | D:2      | Reached skill level 3 in Stealth
  1167 | D:2      | Reached skill level 4 in Stealth
  1221 | D:2      | Noticed Sigmund
  1259 | D:2      | Reached XP level 4. HP: 23/23 MP: 9/9
  1820 | D:3      | Reached skill level 5 in Stealth
  1958 | D:3      | Reached skill level 6 in Stealth
  2040 | D:3      | Reached XP level 5. HP: 18/26 MP: 10/10
  2516 | D:3      | Reached skill level 7 in Stealth
  2808 | D:3      | Slain by an orc

Illustrated notes

Levels and vault maps discovered:
D:1:      dpeg_arrival_erosion, layout_basic, st_stairs_7
D:2:      layout_loops_cross, ebering_ecumenical_altar_box, uniq_sigmund
D:3:      layout_rooms, minitemple
D:4:      layout_rooms, lightli_sewer_entry_pipes, serial_shops, shop

Skill      XL: |  1  2  3  4  5 |
---------------+----------------+-----
Stealth        | 1 2 4 6 7 |  7.3
Short Blades   | 3 |  3.0
Fighting       | |  1.7
Throwing       | |  1.0
Dodging        | |  3.7
Spellcasting   | |  2.6
Translocations | |  4.4

Action                     |  1- 3 |  4- 6 || total
---------------------------+-------+-------++-------
  Melee: Short sword       |   163 |   219 ||   382
         Punch             |     2 |     1 ||     3
  Throw: Dart              |       |     5 ||     5
   Stab: Sleeping          |    11 |     6 ||    17
         Distracted        |       |     1 ||     1
 Armour: Robe              |    35 |    87 ||   122
  Dodge: Dodged            |    91 |   179 ||   270
